 Dungeon Crawl Stone Soup version 0.23-a0-837-ga3e6480 (webtiles) character file.

220 poirepourri the Chopper (level 5, -5/45 HPs)
             Began as a Minotaur Fighter on Jan 24, 2019.
             Slain by a sky beast (6 damage)
             ... on level 5 of the Dungeon.
             The game lasted 00:02:22 (1463 turns).

poirepourri the Chopper (Minotaur Fighter)          Turns: 1463, Time: 00:02:23

Health: -5/45      AC:  6    Str: 19 (21) XL:     5   Next: 64%
Magic:  4/4        EV:  7    Int: 10      God:
Gold:   153        SH:  9    Dex:  8 (10) Spells: 4/4 levels left

rFire    . . .     SeeInvis .   a - +2 war axe
rCold    . . .     Gourm    .   c - +0 shield
rNeg     . . .     Faith    .   b - +0 scale mail
rPois    +         Spirit   .   (helmet restricted)
rElec    .         Reflect  .   g - scarf {repulsion}
rCorr    .         Harm     .   (no gloves)
MR       .....                  (no boots)
Stlth    ..........             (no amulet)
HPRegen  0.15/turn              n - ring of poison resistance
MPRegen  0.09/turn              (no ring)

@: brilliant, repel missiles
A: retaliatory headbutt, horns 2
a: no special abilities


You were on level 5 of the Dungeon.
You were not hungry.

You visited 1 branch of the dungeon, and saw 4 of its levels.

You collected 153 gold pieces.

Inventory:

Hand Weapons
 a - a +2 war axe (weapon)
Missiles
 e - 106 stones (quivered)
 l - 77 bolts
Armour
 b - a +0 scale mail (worn)
 c - a +0 shield (worn)
 g - a scarf of repulsion (worn)
Jewellery
 n - a ring of poison resistance (left hand)
Scrolls
 h - a scroll of enchant armour {unknown}
Potions
 i - 4 potions of mutation
Comestibles
 k - 2 rations


   Skills:
 - Level 3.6 Fighting
 + Level 7.2 Axes
 - Level 3.6 Armour
 - Level 3.6 Shields


You had 4 spell levels left.
You didn't know any spells.
Your spell library was empty.

Dungeon Overview and Level Annotations

Branches:
Dungeon (3/15)

Altars:


Innate Abilities, Weirdness & Mutations

You reflexively headbutt those who attack you in melee.
You have a pair of horns on your head.


Message History

You block the sky beast's attack.
You closely miss the sky beast.
The sky beast is lightly wounded.
You block the sky beast's attack.
Okay, then.
Okay, then.
You aren't carrying any items that you can evoke.
Unknown command.
You barely miss the sky beast.
The sky beast is lightly wounded.
The sky beast hits you.
* * * LOW HITPOINT WARNING * * *
The sky beast shocks you.
* * * LOW HITPOINT WARNING * * *
You hit the sky beast. Your headbutt misses the sky beast.
The sky beast is moderately wounded.
The sky beast hits you.
* * * LOW HITPOINT WARNING * * *
The sky beast shocks you.
You die...

. ##. ##. ....
.. #..#.. .....
....##....#
..... $.......>.
......
.........#
#....# .....
#..###.....#
.....###..†..#
#.....###Y####
....(...†.@###
..........†..#
.........##..##
.####.....#...#.
##.#........
#.......)......
#...#.......###
#...####.......
.#.. .......#


You could see a sky beast.

Vanquished Creatures
  A centaur (D:3)
  A hound (D:5)
  Robin (D:3)
  3 adders
  A dart slug (D:2)
  A leopard gecko (D:2)
  7 orcs
  2 giant cockroaches
  7 goblins
  11 hobgoblins
  3 jackals (D:5)
  4 quokkas
  2 ball pythons (D:2)
  7 bats
  2 frilled lizards (D:1)
  5 kobolds
  5 rats
63 creatures vanquished.

Notes
Turn   | Place    | Note
-------+----------+-------------------------------------------
     0 | D:1      | poirepourri the Minotaur Fighter began the quest for the
                  | Orb.
     0 | D:1      | Reached XP level 1. HP: 19/19 MP: 0/0
    63 | D:1      | Reached skill level 3 in Axes
   144 | D:1      | Reached XP level 2. HP: 26/26 MP: 1/1
   573 | D:2      | Reached skill level 4 in Axes
   598 | D:2      | Reached XP level 3. HP: 13/31 MP: 2/2
  1051 | D:2      | Reached skill level 5 in Axes
  1142 | D:3      | Noticed Robin
  1156 | D:3      | Reached XP level 4. HP: 35/39 MP: 3/3
  1157 | D:3      | Killed Robin
  1304 | D:3      | Noticed a centaur
  1319 | D:3      | Killed a centaur
  1319 | D:3      | Reached skill level 6 in Axes
  1319 | D:3      | Reached XP level 5. HP: 14/45 MP: 4/4
  1424 | D:3      | You fall through a shaft for 2 floors!
  1424 | D:5      | Entered Level 5 of the Dungeon
  1435 | D:5      | Reached skill level 7 in Axes
  1447 | D:5      | Noticed a sky beast
  1463 | D:5      | HP: 1/45 [sky beast (2)]
  1463 | D:5      | Slain by a sky beast

Vault maps used:
D:1:      lightli_arrival_farm
D:3:      first_ration, minivault_24, uniq_robin
D:5:      serial_shops, shop

Skill      XL: |  1  2  3  4  5 |
---------------+----------------+-----
Axes           | 3 4 5 6 7 |  7.2
Fighting       | |  3.6
Armour         | |  3.6
Shields        | |  3.6

Action                   |  1- 3 |  4- 6 || total
-------------------------+-------+-------++-------
Melee: War axe           |    99 |    45 ||   144
       Headbutt          |    15 |     7 ||    22
  Use: Scroll            |     7 |       ||     7
       Potion            |       |     6 ||     6
  Eat: Ration            |     1 |       ||     1
Armor: Scale mail        |    40 |    18 ||    58
Dodge: Dodged            |    31 |    11 ||    42
       Deflected         |       |     1 ||     1
Block: Shield            |    56 |    21 ||    77

Table legend:
 A = Non-vault XP
 B = Vault XP
 C = Vault XP percentage of total XP
 D = Non-vault monster count
 E = Vault monster count
 F = Vault count percentage of total count
                 A         B        C        D         E       F
            +---------+---------+-------+---------+---------+-------
      Total |     282 |      33 |  10.5 |      53 |      10 |  15.9
            +---------+---------+-------+---------+---------+-------
        D:1 |      17 |       0 |   0.0 |      12 |       0 |   0.0
        D:2 |      64 |       0 |   0.0 |      23 |       0 |   0.0
        D:3 |     152 |      33 |  17.8 |      13 |      10 |  43.5
        D:5 |      49 |       0 |   0.0 |       5 |       0 |   0.0
            +---------+---------+-------+---------+---------+-------
